 Dungeon Crawl Stone Soup version 0.17-a0-1775-g10da671 (webtiles) character file.

23361 Izanagi the Impaler (level 13, 0/104 HPs)
             Began as a Merfolk Skald on Sept 8, 2015.
             Was the Champion of Ru.
             Slain by a spiny frog (16 damage)
             ... on level 5 of the Lair of Beasts.
             The game lasted 02:18:59 (19545 turns).

Izanagi the Impaler (Merfolk Skald)                Turns: 19545, Time: 02:18:59

Health: 0/104      AC:  9    Str: 16    XL:     13   Next: 6%
Magic:  0/16       EV: 17    Int: 16    God:    Ru [******]
Gold:   926        SH:  0    Dex: 22    Spells: 5 memorised, 6 levels left

rFire  . . .     SeeInvis .     R - +3 spear (freeze)
rCold  . . .     Clarity  .     F - +1 leather armour of Resourcefulness {rElec MR+ Int+3}
rNeg   . . .     SustAt   .     (no shield)
rPois  .         Gourm    .     D - +2 helmet
rElec  +         Spirit   +     x - +0 cloak
rCorr  .         Warding  .     v - +0 pair of gloves
rMut   .         Stasis   .     (no boots)
MR     +....                    H - amulet of guardian spirit
Stlth  ..........               L - +6 ring of dexterity
                                N - +3 ring of dexterity

@: exhausted, drained, somewhat resistant to hostile enchantments, extremely
unstealthy
A: change form in water, swift swim, no stealth, inability to use devices, hated
by all, no conjurations magic, no fire magic, no hexes magic, inexperienced 1
a: Draw Out Power, Power Leap, Apocalypse, Renounce Religion


You were on level 5 of the Lair of Beasts.
You worshipped Ru.
Ru was exalted by your worship.
You were not hungry.

You visited 2 branches of the dungeon, and saw 15 of its levels.

You collected 926 gold pieces.

Inventory:

Hand weapons
 a - a +2 spear of draining
 y - a +4 trident
 R - a +3 spear of freezing (weapon)
Armour
 b - a +3 leather armour
 v - a +0 pair of gloves (worn)
 x - a +0 cloak (worn)
 D - a +2 helmet (worn)
 F - the +1 leather armour of Resourcefulness (worn) {rElec MR+ Int+3}
   (You found it on level 2 of the Lair of Beasts)

   It affects your intelligence (+3).
   It insulates you from electricity.
   It affects your resistance to hostile enchantments.
Jewellery
 f - an uncursed amulet of resist corrosion
 h - an uncursed ring of sustain attributes
 i - an uncursed ring of protection from fire
 n - an uncursed ring of teleportation
 t - an uncursed ring of protection from fire
 A - an uncursed ring of protection from magic
 G - an uncursed ring of positive energy
 H - an amulet of guardian spirit (around neck)
 J - an uncursed ring of positive energy
 L - a +6 ring of dexterity (right hand)
 M - an uncursed ring of flight
 N - a +3 ring of dexterity (left hand)
 P - an uncursed ring of fire
Scrolls
 d - 3 scrolls of magic mapping
 l - 3 scrolls of amnesia
 q - 3 scrolls of remove curse
 r - a scroll of recharging
 C - 4 scrolls of immolation
 E - 2 scrolls of teleportation {unknown}
 O - 2 scrolls of fear
 S - 2 scrolls of enchant armour
Potions
 e - 4 potions of lignification
 j - a potion of flight
 k - 3 potions of haste
 o - 2 potions of magic
 p - 2 potions of cancellation
 s - a potion of resistance {unknown}
 u - a potion of brilliance {unknown}
 w - a potion of curing
 z - 2 potions of ambrosia
 B - a potion of degeneration {unknown}
 K - 3 potions of might
 Q - a potion of berserk rage {unknown}
Books
 c - a book of Battle

   Spells                             Type                      Level
   a - Infusion                       Charms                       1
   b - Shroud of Golubria             Charms/Translocation         2
   c - Song of Slaying                Charms                       2
   d - Spectral Weapon                Hexes/Charms                 3
   e - Regeneration                   Charms/Necromancy            3
 m - Sif Muna's Collected Works on Good Luck
   (You found it on level 4 of the Lair of Beasts)

   Spells                             Type                      Level
   a - Infusion                       Charms                       1
   b - Shroud of Golubria             Charms/Translocation         2
   c - Swiftness                      Charms/Air                   2
   d - Spectral Weapon                Hexes/Charms                 3
   e - Excruciating Wounds            Charms/Necromancy            5
   f - Haste                          Charms                       6
Comestibles
 g - 3 bread rations


   Skills:
 * Level 10.4(9.5) Fighting
 * Level 20.3(19.2) Polearms
 - Level 0.6(0.0) Armour
 + Level 11.9(11.0) Dodging
 - Level 2.0(1.2) Spellcasting
 + Level 11.2(10.3) Charms
 - Level 1.0(0.2) Translocations


You had 6 spell levels left.
You knew the following spells:

 Your Spells              Type           Power        Failure   Level  Hunger
a - Infusion              Chrm           ####..       1%          1    ##.....
b - Shroud of Golubria    Chrm/Tloc      ###.......   6%          2    ###....
c - Song of Slaying       Chrm           ####....     1%          2    ###....
d - Regeneration          Chrm/Necr      ###.......   12%         3    ####...
e - Swiftness             Chrm/Air       ###.....     8%          2    ###....


Dungeon Overview and Level Annotations

Branches:
Dungeon (10/15)            Temple (0/1) D:7            Lair (5/8) D:10
  Swamp: Lair:3-6    Shoals: Lair:3-6     Snake: Lair:3-6    Spider: Lair:3-6
    Orc: D:9-12

Altars:
Ashenzari
Cheibriados
Dithmenos
Elyvilon
Fedhas
Gozag
Kikubaaqudgha
Makhleb
Okawaru
Ru
Trog
Xom
Zin

Shops:
D:7 *   D:8 =


Innate Abilities, Weirdness & Mutations

You revert to your normal form in water.
You are very nimble and swift while swimming.
You cannot be stealthy.
You cannot study or use magical devices.
You are hated by all.
You cannot study or cast Conjurations magic.
You cannot study or cast Fire magic.
You cannot study or cast Hexes magic.
You are somewhat inexperienced (-2 XL).


Message History

You kill the four-headed hydra!
You hit the spiny frog but do no damage.
The spiny frog barely misses you. The river rat barely misses you.
The river rat completely misses you.
You hit the spiny frog. You freeze the spiny frog.
The spiny frog is lightly wounded.
The spiny frog stings you!!
* * * LOW HITPOINT WARNING * * *
The river rat misses you. The river rat completely misses you.
Your legs become a tail as you enter the water.
A river rat comes into view.
The river rat stops glowing.
The yak misses you. The river rat completely misses you.
The yak closely misses you. The giant frog completely misses you.
The river rat is no longer moving slowly.
The giant frog misses you.
There is a stone staircase leading up, spattered with blood here.
The giant frog misses you. The spiny frog stings you!!
You die...

..........###.....P .........
..........P#.....##...........
..%.......##......#...#.......
.........#..≈≈.≈.......#......
...........≈≈≈≈≈≈≈....##......
.........≈≈≈≈≈≈≈≈≈............
...##...≈≈≈≈≈≈≈≈≈≈....##......
# #.....≈≈r≈..≈≈≈≈....##.....
##...≈≈YrF@≈≈≈≈≈...###.....
#....≈≈≈F.†≈≈r............
#.....r≈≈≈≈≈≈≈≈.....#..PP..
##....≈≈≈≈≈≈≈≈≈........#...
#....≈≈≈≈≈≈≈≈.......P.##..
#............≈#...........
#....#............§§P#.....
#...................§§.....
...............§.§...


You could see a yak, a spiny frog, a giant frog, a porcupine and 3 river rats.

Vanquished Creatures
  Snorg (Lair:4)
  Erolcha (D:8)
  A centaur warrior (D:8)
  4 hydras
  A hill giant (D:10)
  A griffon (Lair:2)
  3 elephants (Lair:1)
  Joseph (D:9)
  A black mamba (Lair:3)
  3 spiny frogs
  5 komodo dragons
  A fire drake (Lair:2)
  2 trolls
  A slime creature (D:8)
  2 two-headed ogres
  13 blink frogs
  A wyvern (D:9)
  A basilisk (Lair:3)
  34 yaks
  4 hippogriffs
  15 wolves
  9 water moccasins
  9 porcupines
  8 sky beasts
  3 black bears
  9 orc warriors
  A necrophage (D:8)
  4 crocodiles
  4 centaurs
  7 ogres
  4 phantoms
  A wasp (D:10)
  19 giant frogs
  2 big kobolds
  A wyvern zombie (D:10)
  3 scorpions
  6 killer bees (D:8)
  4 wights (D:8)
  5 electric eels
  11 crimson imps
  2 centaur zombies
  3 jellies
  A giant frog skeleton (D:9)
  7 orc priests
  4 centaur skeletons
  7 hounds
  7 worker ants
  8 orc wizards
  6 iguanas
  2 killer bee zombies
  22 sheep
  A hound zombie (D:10)
  A hound skeleton (D:6)
  4 gnolls (D:8)
  A worker ant zombie (D:8)
  17 adders
  4 shadow imps
  23 river rats
  2 oozes
  2 worms
  7 giant geckos
  60 orcs
  3 ball pythons
  6 giant cockroaches
  12 goblins
  7 hobgoblins
  6 bats
  7 giant newts
  3 jackals
  9 kobolds
  9 quokkas
  2 quokka skeletons
  22 rats
  A fungus (Lair:5)
  A plant (Lair:5)
485 creatures vanquished.

Vanquished Creatures (others)
  A blink frog (Lair:2)
  A yak (Lair:5)
  A hippogriff (Lair:2)
  A water moccasin (D:10)
  An orc warrior (D:10)
  A crocodile (Lair:3)
  A quokka (D:5)
  A giant newt (D:7)
  15 fungi
  4 plants
  2 spectral weapons (D:4)
29 creatures vanquished.

Grand Total: 514 creatures vanquished

Notes
Turn   | Place    | Note
--------------------------------------------------------------
     0 | D:1      | Izanagi the Merfolk Skald began the quest for the Orb.
     0 | D:1      | Reached XP level 1. HP: 16/16 MP: 3/3
   413 | D:1      | Reached XP level 2. HP: 20/22 MP: 5/5
   588 | D:1      | Reached skill level 4 in Charms
  1426 | D:2      | Reached XP level 3. HP: 24/28 MP: 0/6
  1458 | D:2      | Found a snail-covered altar of Cheibriados.
  1523 | D:2      | Reached XP level 4. HP: 15/34 MP: 4/7
  1824 | D:2      | Learned a level 2 spell: Shroud of Golubria
  1931 | D:2      | Learned a level 2 spell: Song of Slaying
  2718 | D:3      | Reached skill level 5 in Polearms
  2718 | D:3      | Reached XP level 5. HP: 26/41 MP: 0/8
  3385 | D:4      | Reached skill level 5 in Charms
  3799 | D:4      | Noticed a phantom
  3841 | D:4      | Killed a phantom
  3841 | D:4      | Reached XP level 6. HP: 19/47 MP: 9/9
  4028 | D:4      | Learned a level 3 spell: Spectral Weapon
  4071 | D:4      | Found a shattered altar of Ashenzari.
  4071 | D:4      | Found a sacrificial altar of Ru.
  4075 | D:4      | Became a worshipper of Ru the Awakened
  4292 | D:4      | Found a shadowy altar of Dithmenos.
  4430 | D:4      | HP: 1/47 [iguana (8)]
  4531 | D:4      | Reached skill level 6 in Polearms
  4876 | D:4      | Reached skill level 1 in Translocations
  5271 | D:4      | Reached XP level 7. HP: 30/53 MP: 10/10
  5552 | D:4      | Reached skill level 7 in Polearms
  5767 | D:4      | Found a burning altar of Makhleb.
  5928 | D:5      | Entered Level 5 of the Dungeon
  6332 | D:5      | Found a blossoming altar of Fedhas.
  6346 | D:5      | Reached skill level 8 in Polearms
  6413 | D:5      | Found an iron altar of Okawaru.
  6567 | D:5      | Found a white marble altar of Elyvilon.
  6584 | D:5      | Gained mutation: You cannot study or cast Fire magic. [Ru sacrifice]
  6584 | D:5      | Gained mutation: You cannot study or cast Hexes magic. [Ru sacrifice]
  6584 | D:5      | Gained mutation: You cannot study or cast Conjurations magic. [Ru sacrifice]
  6584 | D:5      | Acquired Ru's first power
  6590 | D:5      | Learned a level 3 spell: Regeneration
  7245 | D:6      | Reached XP level 8. HP: 41/61 MP: 0/11
  7354 | D:6      | Reached skill level 9 in Polearms
  7487 | D:6      | Reached skill level 10 in Polearms
  7494 | D:6      | Found an opulent altar of Gozag.
  7708 | D:6      | Reached skill level 5 in Fighting
  8114 | D:6      | Reached skill level 11 in Polearms
  8438 | D:7      | Found an ancient bone altar of Kikubaaqudgha.
  8447 | D:7      | Reached XP level 9. HP: 51/68 MP: 6/12
  8947 | D:7      | Found Pyedwith's General Store.
  8989 | D:7      | Reached skill level 12 in Polearms
  9013 | D:7      | Gained mutation: You are hated by all. [Ru sacrifice]
  9013 | D:7      | Acquired Ru's second power
  9404 | D:7      | Found a staircase to the Ecumenical Temple.
  9795 | D:8      | Noticed Erolcha
  9796 | D:8      | Found an ancient bone altar of Kikubaaqudgha.
  9824 | D:8      | Killed Erolcha
  9824 | D:8      | Reached skill level 13 in Polearms
  9920 | D:8      | Found a bloodstained altar of Trog.
  9980 | D:8      | Reached XP level 10. HP: 50/77 MP: 4/13
  9990 | D:8      | Noticed a centaur warrior
 10013 | D:8      | Killed a centaur warrior
 10013 | D:8      | Reached skill level 14 in Polearms
 10113 | D:8      | Noticed an angel
 10114 | D:8      | Found a shimmering altar of Xom.
 10117 | D:8      | Found a glowing silver altar of Zin.
 10152 | D:8      | Reached skill level 5 in Dodging
 10322 | D:8      | Found Qymorph's Jewellery Shoppe.
 10675 | D:8      | Reached skill level 15 in Polearms
 11274 | D:9      | Gained mutation: You cannot study or use magical devices. [Ru sacrifice]
 11274 | D:9      | Acquired Ru's third power
 11274 | D:9      | Acquired Ru's fourth power
 11274 | D:9      | Acquired Ru's fifth power
 11323 | D:9      | Reached XP level 11. HP: 84/84 MP: 8/14
 11383 | D:9      | Noticed Joseph
 11412 | D:9      | Killed Joseph
 11452 | D:9      | Reached skill level 16 in Polearms
 12604 | D:10     | Entered Level 10 of the Dungeon
 12757 | D:10     | Found a staircase to the Lair.
 13082 | D:10     | Gained mutation: You are somewhat inexperienced (-2 XL). [Ru sacrifice]
 13082 | D:10     | Reached XP level 10. HP: 78/80 MP: 13/13
 13082 | D:10     | Reached XP level 9. HP: 74/74 MP: 12/12
 13106 | Lair:1   | Entered Level 1 of the Lair of Beasts
 13128 | Lair:1   | Noticed a komodo dragon
 13265 | D:10     | Reached skill level 17 in Polearms
 13276 | D:10     | Reached XP level 10. HP: 42/81 MP: 1/13
 13972 | D:10     | Reached skill level 10 in Charms
 14035 | D:10     | Noticed a hill giant
 14051 | D:10     | Killed a hill giant
 14429 | Lair:1   | Killed a komodo dragon
 14634 | Lair:1   | Noticed an elephant
 14636 | Lair:1   | Noticed an elephant
 14636 | Lair:1   | Noticed an elephant
 14669 | Lair:1   | Killed an elephant
 14669 | Lair:1   | Reached skill level 18 in Polearms
 14669 | Lair:1   | Reached XP level 11. HP: 73/87 MP: 5/14
 14687 | Lair:1   | Killed an elephant
 14706 | Lair:1   | Killed an elephant
 15235 | Lair:1   | Gained mutation: You cannot be stealthy. [Ru sacrifice]
 16109 | Lair:2   | Reached skill level 19 in Polearms
 16109 | Lair:2   | Reached skill level 10 in Dodging
 16393 | Lair:2   | Reached XP level 12. HP: 50/96 MP: 7/15
 16710 | Lair:2   | Noticed a four-headed hydra
 16791 | Lair:2   | Killed a four-headed hydra
 16979 | Lair:2   | Got a pitted leather armour
 16981 | Lair:2   | Identified the +1 leather armour of Resourcefulness {rElec MR+ Int+3} (You found it on level 2 of the Lair of Beasts)
 17425 | Lair:3   | Reached skill level 10 in Fighting
 17697 | Lair:3   | Noticed a four-headed hydra
 17708 | Lair:3   | Killed a four-headed hydra
 17708 | Lair:3   | Reached skill level 20 in Polearms
 18142 | Lair:4   | Identified Sif Muna's Collected Works on Good Luck
 18146 | Lair:4   | Learned a level 2 spell: Swiftness
 18154 | Lair:4   | Noticed Snorg
 18166 | Lair:4   | Killed Snorg
 19174 | Lair:5   | Noticed an eight-headed hydra
 19515 | Lair:5   | Killed an eight-headed hydra
 19515 | Lair:5   | Reached XP level 13. HP: 71/104 MP: 2/16
 19522 | Lair:5   | Noticed a four-headed hydra
 19535 | Lair:5   | Killed a four-headed hydra
 19545 | Lair:5   | Slain by a spiny frog

Vault maps used:
D:1:      dpeg_arrival_more_subterranean_lakeside_camping
D:2:      lemuel_crystal_altar
D:4:      lemuel_coloured_pillars_altar, makhleb_grotto_becter,
          gammafunk_temple_overflow_elements, dk_rats_in_the_wall
D:5:      elyvilon_altar_4, nicolae_overflow_hidden_temple, first_bread
D:6:      overflow_temple_1_default, st_stairs_1, kennysheep_flooded_box,
          dk_noncrumbling_4
D:7:      lemuel_temple_firewalk_marked, serial_shops, nicolae_shop_stone,
          basic_altar
D:8:      minmay_opposing_rooms, grunt_temple_overflow_order_and_chaos_1,
          trog_ov_bears_minmay, lemuel_crystal_altar, serial_shops, shop_coins,
          nicolae_ossuary_entry_ruins, uniq_erolcha
D:9:      special_room, uniq_joseph
D:10:     erik_lair_island
Lair:1:   beast_lair_carwin_7
Lair:2:   nicolae_quartered_pool_little, beast_lair_carwin_4
Lair:3:   cheibrodos_lair_reptile_den, grunt_megastairs_4,
          infiniplex_staircase_pool
Lair:4:   st_stairs_5, grunt_forest_stairs_basic, uniq_snorg
Lair:5:   lab_entry_generic, infiniplex_staircase_pool_2

Action                   |  1- 3 |  4- 6 |  7- 9 | 10-12 | 13-15 || total
-------------------------+-------+-------+-------+-------+-------++-------
Melee: Spear             |   113 |   313 |   582 |  1666 |    14 ||  2688
 Cast: Infusion          |     8 |    14 |    21 |    23 |       ||    66
       Shroud of Golubri |       |     9 |     5 |    19 |       ||    33
       Song of Slaying   |       |     3 |     4 |     3 |       ||    10
       Spectral Weapon   |       |     2 |     1 |       |       ||     3
       Swiftness         |       |       |       |     1 |       ||     1
Invok: Sacrifice Arcana  |       |       |     1 |       |       ||     1
       Power Leap        |       |       |     1 |     9 |       ||    10
       Draw Out Power    |       |       |     1 |     6 |       ||     7
       Sacrifice Love    |       |       |     1 |       |       ||     1
       Sacrifice Experie |       |       |     1 |       |       ||     1
       Apocalypse        |       |       |       |     3 |       ||     3
       Sacrifice Artific |       |       |       |     1 |       ||     1
       Sacrifice Stealth |       |       |       |     1 |       ||     1
  Use: Scroll            |     3 |     7 |    14 |     8 |       ||    32
       Potion            |       |     3 |     3 |     5 |       ||    11
 Stab: Distracted        |       |       |     3 |    12 |       ||    15
       Sleeping          |       |       |     2 |     1 |       ||     3
       Invisible         |       |       |     1 |    23 |       ||    24
       Paralysed         |       |       |       |    20 |       ||    20
  Eat: Bread ration      |     1 |     1 |     2 |     3 |       ||     7
       Chunk             |       |     2 |       |       |       ||     2
       Meat ration       |       |     1 |     2 |     1 |       ||     4
       Royal jelly       |       |       |     1 |       |       ||     1
       Fruit             |       |       |       |     5 |       ||     5
       Beef jerky        |       |       |       |     2 |       ||     2
       Pizza             |       |       |       |     3 |       ||     3
